 Dungeon Crawl Stone Soup version 0.25.1-2-g60ff931df9 (webtiles) character file.

Game seed: 8597125507596078690

1736 Peloso the Shield-Bearer (level 8, 0/62 HPs)
             Began as a Demonspawn Fighter on Aug 31, 2020.
             Was a Believer of Okawaru.
             Succumbed to a killer bee's poison
             ... on level 6 of the Dungeon.
             The game lasted 00:18:52 (7192 turns).

Peloso the Shield-Bearer (Demonspawn Fighter)       Turns: 7192, Time: 00:18:52

Health: 0/62       AC: 18    Str: 18    XL:     8   Next: 76%
Magic:  8/8        EV:  6    Int: 11    God:    Okawaru [**....]
Gold:   245        SH: 10    Dex: 12    Spells: 7/7 levels left

rFire    . . .     SeeInvis .   a - +1 long sword
rCold    + . .     Gourm    .   c - +0 kite shield
rNeg     . . .     Faith    .   p - +1 chain mail {rC+}
rPois    .         Spirit   .   (no helmet)
rElec    .         Reflect  .   H - +0 cloak
rCorr    .         Harm     .   D - +1 pair of gloves
MR       .....                  j - +0 pair of boots
Stlth    ..........             I - amulet of regeneration
HPRegen  0.60/turn              (no ring)
MPRegen  0.11/turn              (no ring)

@: brilliant, lethally poisoned (0 -> -10), very slightly contaminated,
invisible
A: talons 1, icy blue scales 2, demonic guardian 1
a: Heroism, Renounce Religion


You were on level 6 of the Dungeon.
You worshipped Okawaru.
Okawaru was pleased with you.
You were very hungry.

You visited 2 branches of the dungeon, and saw 8 of its levels.

You collected 245 gold pieces.

Inventory:

Hand Weapons
 a - a +1 long sword (weapon)
Armour
 b - a +0 scale mail
 c - a +0 kite shield (worn)
 j - a +0 pair of boots (worn)
 p - a +1 chain mail of cold resistance (worn)
 D - a +1 pair of gloves (worn)
 H - a +0 cloak (worn)
Jewellery
 s - an uncursed amulet of the acrobat
 I - an amulet of regeneration (around neck)
Wands
 v - a wand of digging (11)
 y - a wand of iceblast (5)
 C - a wand of flame (17)
 F - a wand of random effects (12)
Scrolls
 g - a scroll of magic mapping {unknown}
 k - a scroll of identify
 r - a scroll of fear {unknown}
 u - 2 scrolls of enchant weapon
 w - a scroll of fog {unknown}
 x - 4 scrolls of teleportation
 z - 2 scrolls of immolation {unknown}
 A - 2 scrolls of amnesia {unknown}
 G - a scroll of remove curse
Potions
 d - a potion of might
 e - 3 potions of stabbing
 i - 2 potions of haste
 n - a potion of resistance
 o - 3 potions of flight
 t - a potion of brilliance
Comestibles
 f - 15 rations


   Skills:
 + Level 5.2 Fighting
 + Level 5.6 Long Blades
 + Level 5.5 Armour
 + Level 1.6 Dodging
 + Level 1.2 Stealth
 + Level 6.1 Shields
 + Level 0.2 Invocations
 + Level 0.3 Evocations


You had 7 spell levels left.
You didn't know any spells.
Your spell library was empty.

Dungeon Overview and Level Annotations

Branches:
Dungeon (7/15)             Temple (1/1) D:5

Altars:
Ashenzari
Dithmenos
Makhleb
Nemelex Xobeh
Okawaru
Sif Muna
Uskayaw
The Shining One


Innate Abilities, Weirdness & Mutations

You have sharp toenails.
You are mostly covered in icy blue scales. (AC +3)
A weak demonic guardian rushes to your aid.


Message History

The killer bee stings you but does no damage.
The killer bee barely misses you.
You riposte.
Your shield and chain mail prevent you from hitting the killer bee.
The killer bee is severely wounded.
It was a potion of invisibility.
You fade into invisibility!
You feel sick. The killer bee stings you.
* * * LOW HITPOINT WARNING * * *
The killer bee stings you!
* * * LOW HITPOINT WARNING * * *
You are very lightly contaminated with residual magic.
You barely miss the killer bee.
The killer bee is severely wounded.
* * * LOW HITPOINT WARNING * * *
You feel sick. You block the killer bee's attack. The killer bee stings you.
* * * LOW HITPOINT WARNING * * *
The killer bee closely misses you.
You riposte.
You hit the killer bee.
You kill the killer bee!
Okawaru accepts your kill.
You die...

...#.......'..).#..........#.....
...#.......#....#..........#...(.
...#.......#....#.........####...
...'.......#....#.........##(...#
...##.###+###...####.##...##<...#
#####.##...##...####.##..(##....#
............#....................
............#..............(.....
............#...@.........##((...
......##<.(.#.............##.....
......##...######.####....##..)).
......#######..##.#####'####.....
...............#..........#..>...
...............#..........'......
...............#..........#......
#################################


There were no monsters in sight!

Vanquished Creatures
  2 phantoms
  3 ogres (D:6)
  A centaur (D:7)
  A scorpion (D:4)
  3 killer bees
  5 hounds
  A jelly (D:4)
  Crazy Yiuf (D:6)
  A centaur skeleton (D:7)
  An orc priest (D:5)
  2 orc wizards
  Terence (D:2)
  An iguana (D:4)
  A worker ant (D:6)
  A hound zombie (D:6)
  A howler monkey zombie (D:6)
  5 adders
  5 gnolls
  2 oozes
  An adder skeleton (D:4)
  3 worms
  3 dart slugs
  17 orcs
  10 bats
  5 giant cockroaches
  6 goblins
  7 hobgoblins
  2 jackals (D:4)
  9 kobolds
  A quokka (D:2)
  2 ball pythons
  4 frilled lizards
  A giant cockroach zombie (D:6)
  A goblin skeleton (D:6)
  A goblin zombie (D:6)
  A hobgoblin zombie (D:6)
  2 kobold skeletons (D:6)
  A kobold zombie (D:6)
  A leopard gecko skeleton (D:5)
  An orc skeleton (D:6)
  An orc zombie (D:6)
  6 rats
124 creatures vanquished.

Vanquished Creatures (collateral kills)
  A water moccasin (D:6)
  A sky beast (D:6)
  A necrophage (D:6)
  A centaur (D:6)
  A big kobold (D:5)
  A scorpion (D:4)
  A water moccasin skeleton (D:6)
  A killer bee (D:7)
  A quasit (D:6)
  A crimson imp (D:6)
  An orc wizard (D:3)
  A howler monkey skeleton (D:7)
  A worker ant zombie (D:5)
  An adder zombie (D:5)
  2 orcs (D:3)
  3 kobolds (D:5)
  An orc skeleton (D:6)
20 creatures vanquished.

Grand Total: 144 creatures vanquished

Notes
Turn   | Place    | Note
-------+----------+-------------------------------------------
     0 | D:1      | Peloso the Demonspawn Fighter began the quest for the Orb.
     0 | D:1      | Reached XP level 1. HP: 18/18 MP: 1/1
   332 | D:1      | Gained mutation: You have sharp toenails. [demonic
                  | ancestry]
   332 | D:1      | Reached XP level 2. HP: 24/24 MP: 2/2
   615 | D:1      | Gained mutation: A weak demonic guardian rushes to your
                  | aid. [demonic ancestry]
   615 | D:1      | Reached XP level 3. HP: 29/29 MP: 3/3
   722 | D:1      | Reached skill level 3 in Shields
   798 | D:1      | You fall into a shaft and drop 1 floor!
  1734 | D:2      | Noticed Terence
  1755 | D:2      | Killed Terence
  1755 | D:2      | Gained mutation: You are partially covered in icy blue
                  | scales. (AC +2) [demonic ancestry]
  1755 | D:2      | Reached XP level 4. HP: 27/37 MP: 4/4
  1949 | D:2      | Found a sparkling altar of Nemelex Xobeh.
  2989 | D:3      | Reached XP level 5. HP: 29/42 MP: 5/5
  3590 | D:4      | Reached XP level 6. HP: 42/48 MP: 6/6
  4224 | D:4      | Reached skill level 4 in Shields
  4408 | D:4      | Found a shattered altar of Ashenzari.
  5028 | D:5      | Entered Level 5 of the Dungeon
  5068 | D:5      | Gained mutation: You are mostly covered in icy blue scales.
                  | (AC +3) [demonic ancestry]
  5068 | D:5      | Reached XP level 7. HP: 51/55 MP: 7/7
  5096 | D:5      | Reached skill level 1 in Dodging
  5219 | D:5      | Found a staircase to the Ecumenical Temple.
  5234 | Temple   | Entered the Ecumenical Temple
  5241 | Temple   | Became a worshipper of Warmaster Okawaru
  5927 | D:6      | Reached skill level 5 in Armour
  5927 | D:6      | Reached skill level 1 in Stealth
  6055 | D:6      | Found a glowing golden altar of the Shining One.
  6144 | D:6      | Reached skill level 5 in Shields
  6174 | D:6      | Reached * piety under Okawaru
  6174 | D:6      | Reached XP level 8. HP: 51/61 MP: 8/8
  6396 | D:6      | Found a runed translucent door.
  6397 | D:6      | Noticed Crazy Yiuf
  6463 | D:6      | Reached skill level 5 in Fighting
  6480 | D:6      | Reached skill level 5 in Long Blades
  6687 | D:6      | Killed Crazy Yiuf
  6774 | D:7      | Reached ** piety under Okawaru
  7045 | D:7      | Reached skill level 6 in Shields
  7048 | D:7      | HP: 3/62 [killer bee (5)]
  7049 | D:7      | HP: 1/62 [killer bee (2)]
  7191 | D:6      | HP: 1/62 [killer bee (3)]
  7192 | D:6      | Succumbed to a killer bee's poison

Illustrated notes

Levels and vault maps discovered:
D:1:      shiori_arrival_oz, layout_basic, minmay_three_crescents
D:2:      layout_rooms, nemelex_altar_shiori, uniq_terence
D:3:      layout_rooms, first_ration, grunt_decor_arrowhead
D:4:      layout_loops_corners, evilmike_ruin_ashenzari
D:5:      layout_cave_pools, minmay_temple_entry_proselytizer
D:6:      layout_gridville, nicolae_tso_besieged_by_evil,
          uniq_crazy_yiuf_cottage
D:7:      minmay_the_grid_triangle_9x9_rhombus_thin
          [minmay_the_grid_triangle_9x9_negative_grid,
          minmay_the_grid_triangle_9x9_prize_special,
          minmay_the_grid_triangle_9x9_intruding_spiral,
          minmay_the_grid_triangle_9x9_corrupted_corridor], layout_loops_ring,
          serial_shops, shop
Temple:   nicolae_temple_the_god_donut

Skill      XL: |  1  2  3  4  5  6  7  8 |
---------------+-------------------------+-----
Long Blades    | 2 3 4 5 |  5.6
Armour         | 3 4 5 |  5.5
Shields        | 3 4 5 6 |  6.1
Fighting       | 4 5 |  5.2
Dodging        | 1 |  1.6
Stealth        | 1 |  1.2
Invocations    | |  0.2
Evocations     | |  0.3

Action                   |  1- 3 |  4- 6 |  7- 9 || total
-------------------------+-------+-------+-------++-------
Melee: Long sword        |   187 |   283 |   257 ||   727
       Kick              |    42 |    69 |    22 ||   133
Invok: Heroism           |       |       |     4 ||     4
Evoke: Wand              |       |       |     4 ||     4
  Use: Scroll            |     6 |     2 |     5 ||    13
       Potion            |       |       |     5 ||     5
 Stab: Distracted        |       |       |     1 ||     1
  Eat: Chunk             |     3 |    11 |     3 ||    17
       Ration            |       |       |     1 ||     1
Armor: Plate armour      |   170 |       |       ||   170
       Scale mail        |     6 |       |       ||     6
       Chain mail        |       |   181 |   193 ||   374
Dodge: Dodged            |    25 |    66 |    96 ||   187
Block: Kite shield       |   111 |   159 |   198 ||   468
       Rpst.: Long sword |     7 |    21 |    24 ||    52
